 Dungeon Crawl Stone Soup version 0.26-a0-487-gbff1e92059 (webtiles) character file.

Game seed: 4828794345580592675

95 KristoblXynda the Slasher (level 4, -2/35 HPs)
             Began as a Vampire Berserker on Aug 2, 2020.
             Was a Believer of Trog.
             Killed by divine providence
             ... invoked by an orc priest
              (11 damage)
             ... on level 3 of the Dungeon.
             The game lasted 00:02:19 (1595 turns).

KristoblXynda the Slasher (Vampire Berserker)       Turns: 1595, Time: 00:02:20

Health: -2/35      AC:  3    Str: 17    XL:     4   Next: 39%
Magic:  4/4        EV: 13    Int:  9    God:    Trog [**....]
Gold:   108        SH:  0    Dex: 13    Spells: 3/3 levels left

rFire    . . .     SeeInvis +   a - +0 falchion
rCold    . . .     Faith    .   (no shield)
rNeg     . . .     Spirit   .   i - +0 leather armour
rPois    .         Reflect  .   (no helmet)
rElec    .         Harm     .   (no cloak)
rCorr    .                      (no gloves)
MR       .....                  (no boots)
Stlth    +.........             (no amulet)
HPRegen  0.31/turn              (no ring)
MPRegen  0.09/turn              (no ring)

@: regenerating quickly
A: fangs 3, see invisible, unbreathing
a: Exsanguinate, Berserk, Trog's Hand, Renounce Religion


You were on level 3 of the Dungeon.
You worshipped Trog.
Trog was pleased with you.
You visited 1 branch of the dungeon, and saw 3 of its levels.

You collected 108 gold pieces.

Inventory:

Hand Weapons
 a - a +0 falchion (weapon)
Armour
 i - a +0 leather armour (worn)
Jewellery
 d - an uncursed ring of fire
Scrolls
 e - 2 scrolls of remove curse {unknown}
Potions
 c - a potion of flight
 g - a potion of heal wounds
 h - a potion of resistance


   Skills:
 + Level 3.3 Fighting
 + Level 3.7 Long Blades
 + Level 2.3 Armour
 + Level 3.1 Dodging


You had 3 spell levels left.
You didn't know any spells.
Your spell library was empty.

Dungeon Overview and Level Annotations

Branches:
Dungeon (3/15)

Altars:
Trog
Vehumet


Innate Abilities, Weirdness & Mutations

Your natural rate of healing is unusually fast.
You have razor-sharp teeth.
You have supernaturally acute eyesight. (SInv)
You can survive without breathing.


Message History

Items here: ) ? [[.
The orc priest calls down the wrath of Beogh upon you.
Beogh smites you!
Found an escape hatch in the floor.
The orc priest barely misses you.
You hit the orc priest but do no damage.
The orc priest misses you.
An orc priest comes into view. It is wielding a +0 hand axe.
The orc priest hits you.
The orc priest shouts!
You hit the orc priest.
The orc priest is lightly wounded.
The orc priest looks braver for a moment.
The goblin hits you. The orc priest hits you.
* * * LOW HITPOINT WARNING * * *
You hit the orc priest but do no damage.
The orc priest is lightly wounded.
The orc priest mumbles some strange prayers to Beogh against you.
Beogh smites you!
You die...

..# #.# #.#
#.# ##.##
..o # #o# .#
#@# .#
#g####.###..
#.)........
#......###
##.#.#.#
##.#.# #
######...)#
..........#
#####...##


You could see 2 orc priests and a goblin.

Vanquished Creatures
  Terence (D:2)
  3 adders (D:2)
  A dart slug (D:1)
  An orc (D:3)
  3 giant cockroaches
  5 goblins (D:1)
  6 hobgoblins
  7 bats
  2 frilled lizards (D:1)
  5 kobolds
  7 rats
41 creatures vanquished.

Vanquished Creatures (others)
  A quokka (D:2)
1 creature vanquished.

Grand Total: 42 creatures vanquished

Notes
Turn   | Place    | Note
-------+----------+-------------------------------------------
     0 | D:1      | KristoblXynda the Vampire Berserker began the quest for the
                  | Orb.
     0 | D:1      | Reached XP level 1. HP: 17/17 MP: 1/1
    93 | D:1      | Reached XP level 2. HP: 14/23 MP: 2/2
   409 | D:1      | Reached ** piety under Trog
   678 | D:2      | Reached XP level 3. HP: 18/29 MP: 3/3
   768 | D:2      | Found a bloodstained altar of Trog.
   895 | D:2      | Found a radiant altar of Vehumet.
  1072 | D:2      | Noticed Terence
  1098 | D:2      | Killed Terence
  1098 | D:2      | Reached XP level 4. HP: 34/35 MP: 4/4
  1595 | D:3      | Killed from afar by an orc priest

Illustrated notes

Levels and vault maps discovered:
D:1:      dpeg_arrival_solitude, layout_rooms, minmay_misc_feat_room
D:2:      layout_basic, overflow_temple_1_default, fiery_altar_vehumet,
          uniq_terence
D:3:      layout_loops_ring, fedhas_altar_3

Skill      XL: |  1  2  3 |
---------------+----------+-----
Fighting       | 3 |  3.3
Armour         | 2 |  2.3
Dodging        | 3 |  3.1
Long Blades    | |  3.7

Action                   |  1- 3 |  4- 6 || total
-------------------------+-------+-------++-------
Melee: Falchion          |   109 |    16 ||   125
       Bite              |    11 |     1 ||    12
Invok: Berserk           |     1 |       ||     1
  Use: Scroll            |       |     3 ||     3
 Stab: Sleeping          |     1 |       ||     1
Armor: Animal skin       |    30 |       ||    30
       Leather armour    |       |     1 ||     1
Dodge: Dodged            |    89 |    12 ||   101
       Rpst.: Falchion   |    32 |     7 ||    39

Table legend: (Time is in decaauts)
 A = Elapsed time spent in this place.
 B = Non-inter-level travel time spent in this place.
 C = Inter-level travel time spent in this place.
 D = Time resting spent in this place.
 E = Time spent auto-exploring this place.
 F = Levels seen in this place.
 G = Mean time per level.
                   A        B        C        D        E       F      G
               +--------+--------+--------+--------+--------+-----+--------+
         Total |   1621 |   1536 |     85 |     82 |   1086 |   3 |  540.3 |
       Dungeon |   1621 |   1536 |     85 |     82 |   1086 |   3 |  540.3 |
               +--------+--------+--------+--------+--------+-----+--------+

Top non-repeatable levels by time:
     D:2: 898 daAuts
     D:1: 659 daAuts
     D:3: 62 daAuts
